 Dungeon Crawl Stone Soup version 0.28.0 (webtiles) character file.

Game seed: 4829844831460456548

515 GrayStillPlays the Skirmisher (level 7, -20/62 HPs)
             Began as a Hill Orc Fighter on Feb 11, 2022.
             Was an Initiate of Gozag.
             Demolished by an ogre (26 damage)
             ... on level 4 of the Dungeon.
             The game lasted 00:07:23 (4355 turns).

GrayStillPlays the Skirmisher (Hill Orc Fighter)    Turns: 4355, Time: 00:07:24

Health: -20/62     AC: 12    Str: 19    XL:     7   Next: 20%
Magic:  7/7        EV:  9    Int: 10    God:    Gozag
Gold:   128        SH:  5    Dex: 10    Spells: 6/6 levels left

rFire   + . .      SeeInvis .   a - +0 war axe {axe}
rCold   + . .      Faith    .   c - +0 buckler
rNeg    . . .      Spirit   .   b - +0 scale mail
rPois   .          Reflect  .   s - +1 helmet
rElec   .          Harm     .   (no cloak)
rCorr   .          Rampage  .   (no gloves)
Will    .....                   v - +2 pair of boots {Fly}
Stlth   ..........              (no amulet)
HPRegen 0.20/turn               p - ring of protection from fire
MPRegen 0.10/turn               r - ring of protection from cold

@: flying
A: no striking features
a: Renounce Religion, Potion Petition, Call Merchant, Bribe Branch


You were on level 4 of the Dungeon.
You worshipped Gozag.
Gozag was aware of your devotion.
You visited 2 branches of the dungeon, and saw 5 of its levels.

You collected 185 gold pieces.
You paid 57 gold pieces to Gozag.


   Skills:
 + Level 5.7 Fighting
 + Level 5.5 Axes
 + Level 5.1 Armour
 + Level 5.2 Shields


You had 6 spell levels left.
You didn't know any spells.
Your spell library contained the following spells:

 Spells                   Type           Power      Damage    Failure   Level
 Animate Skeleton         Necr           0%         N/A       80%         1
 Apportation              Tloc           0%         N/A       80%         1
 Summon Small Mammal      Summ           0%         N/A       80%         1
 Corpse Rot               Necr/Air       0%         N/A       91%         2
 Poisonous Vapours        Pois/Air       0%         N/A       91%         2
 Static Discharge         Conj/Air       0%         N/A       91%         2
 Lightning Bolt           Conj/Air       0%         1d11      100%        5
 Maxwell's Capacitive Co  Air            0%         ∞         100%        8

Inventory:

Hand Weapons
 a - a +0 war axe (weapon) {axe}
 k - a +2 dagger of freezing {short}
   (You took it off a kobold on level 1 of the Dungeon)
Missiles
 g - 148 stones {throwing}
 h - 19 arrows
 j - 4 poisoned darts (quivered) {throwing}
Armour
 b - a +0 scale mail (worn)
 c - a +0 buckler (worn)
 s - a +1 helmet (worn)
   (You took it off Robin on level 3 of the Dungeon)
 v - a +2 pair of boots of flying (worn)
   (You found it on level 2 of the Dungeon)
Jewellery
 p - a ring of protection from fire (left hand)
   (You found it on level 2 of the Dungeon)
 r - a ring of protection from cold (right hand)
   (You found it on level 3 of the Dungeon)
 t - a ring of magical power
   (You found it on level 2 of the Dungeon)
Wands
 n - a wand of charming (8)
   (You found it on level 2 of the Dungeon)
Scrolls
 i - a scroll of teleportation {unknown}
 u - a scroll of identify {unknown}
 w - a scroll of fog {unknown}
Potions
 d - 2 potions of might
 e - 2 potions of lignification {unknown}
 f - 3 potions of flight {unknown}
 l - a potion of brilliance {unknown}
 m - a potion of heal wounds {unknown}
 q - a potion of degeneration {unknown}

Dungeon Overview and Level Annotations

Branches:
Dungeon (4/15)             Temple (1/1) D:4

Altars:
Ashenzari
Cheibriados
Dithmenos
Elyvilon
Fedhas
Gozag
Hepliaklqana
Kikubaaqudgha
Makhleb
Nemelex Xobeh
Okawaru
Qazlal
Ru
Sif Muna
Trog
Uskayaw
Vehumet
Xom
Yredelemnul
Zin
The Shining One

#######..###...##.#..#.....
#..# #...#.........####
###..###...#..#..........
#..).....###..#.........
#........# #......#...###
#####.....######............#
...................8.8.8..#.
#.###..#..######.#..⌠$⌠...#
#.# #..#..# #@#.8.>.8..#
#.###..#..# #O#..⌠.⌠...#..#
#......#..# #.#.8.8.8..#..##
#.....†#..# #.#........#...
#......#..### #.##..###..#..#
............# #(..$.# #..#..#
..........#.######...###..#..#
......##.#................#(.#
#.######.#..#####............#


You could see an ogre.


Message History

You fly upwards.
Welcome back to the Dungeon!
The necrophage hits you but does no damage.
There is a staircase to the Ecumenical Temple here.
You barely miss the necrophage.
The necrophage hits you but does no damage.
The necrophage hits you.
You feel drained. 😕 HP[-8]
You now have 55 max hp (-1).
You take 8 damage, and now have 48/55 hp.
You hit the necrophage but do no damage.
The necrophage hits you but does no damage.
You barely miss the necrophage.
You block the necrophage's attack. 😕 HP[+1]
You hit the necrophage.
The necrophage hits you but does no damage.
You hit the necrophage. You block the necrophage's attack.
The necrophage hits you.
You feel drained. 😕 HP[-7]
You now have 54 max hp (-1).
You take 7 damage, and now have 42/54 hp.
You hit the necrophage.
The necrophage hits you but does no damage.
You slash the necrophage! The necrophage hits you.
You feel drained. 😮 HP[-8]
You now have 53 max hp (-1).
You take 8 damage, and now have 34/53 hp.
You hit the necrophage. You block the necrophage's attack.
The necrophage hits you. 😮 HP[-1]
You take 1 damage, and now have 33/53 hp.
You slash the necrophage!
You destroy the necrophage!
Your life force feels restored.
You have reached level 7! 😮 HP[+4] MP[+1]
You now have 62 max hp (+9).
You regained 4 hp, and now have 37/62 hp.
Your mp is fully restored (7).
Autopickup is now off.
There is a fountain of clear blue water here.
An adder comes into view.
The adder hisses angrily. 😎 HP[+25]
Your hp is fully restored (62).
An adder is nearby!
You closely miss the adder. The adder bites you but does no damage.
You slash the adder!
You kill the adder!
No target in view!
No target in view!
An ogre comes into view. It is wielding a +0 giant club.
The ogre shouts!
You slash the ogre!
The ogre hits you with a +0 giant club! 😕 HP[-12]
You take 12 damage, and now have 50/62 hp.
You barely miss the ogre.
The ogre hits you with a +0 giant club! 😮 HP[-12]
You take 12 damage, and now have 38/62 hp.
You are too injured to fight recklessly!
You are too injured to fight recklessly!
Unknown command.
You hit the ogre but do no damage. The ogre misses you. 😮 HP[+1]
You slash the ogre! You block the ogre's attack.
You hit the ogre. The ogre hits you with a +0 giant club!
* * * LOW HITPOINT WARNING * * *
😨 HP[-13]
You take 13 damage, and now have 26/62 hp.
MASSIVE DAMAGE!! (PAUSE)
You hit the ogre. The ogre hits you with a +0 giant club!
* * * LOW HITPOINT WARNING * * *
😱 HP[-17]
You take 17 damage, and now have 9/62 hp.
MASSIVE DAMAGE!! (PAUSE) 😱 HP[+1]
Okay, then.
Throw: 6 darts (poison) {throwing}
Press: ? - help, Q - select action, (/) - cycle Shift-Dir - straight line, f - ogre
Aim: an ogre, wielding a +0 giant club (severely wounded, 73% to hit)
You throw a poisoned dart {throwing}.
The poisoned dart {throwing} hits the ogre.
The ogre is poisoned.
The ogre hits you with a +0 giant club!
* * * LOW HITPOINT WARNING * * *
😱 HP[-7]
You take 7 damage, and now have 3/62 hp. 😱 HP[+1]
The ogre looks more healthy. 😱 HP[+1] Throw: 5 darts (poison) {throwing}
Press: ? - help, Q - select action, (/) - cycle Shift-Dir - straight line, f/p - ogre
Aim: an ogre, wielding a +0 giant club (almost dead, 73% to hit)
You throw a poisoned dart {throwing}.
The poisoned dart {throwing} barely misses the ogre.
The ogre hits you with a +0 giant club!!
You die...
Your body crumbles into a pile of gold.

Skill      XL: |  1  2  3  4  5  6 |
---------------+-------------------+-----
Axes           | 3 4 5 |  5.5
Fighting       | 4 5 |  5.7
Armour         | 4 5 |  5.1
Shields        | 4 5 |  5.2

Action                   |  1- 3 |  4- 6 |  7- 9 || total
-------------------------+-------+-------+-------++-------
Melee: War axe           |   102 |   129 |     8 ||   239
Throw: Dart              |       |     6 |     2 ||     8
Evoke: Wand              |       |     1 |       ||     1
  Use: Potion            |       |     1 |       ||     1
Armor: Scale mail        |    59 |    50 |     1 ||   110
Dodge: Dodged            |    52 |    69 |     1 ||   122
Block: Buckler           |    29 |    27 |     1 ||    57

Levels and vault maps discovered:
D:1:      dpeg_arrival_solitude, layout_loops_ring,
          shapermc_ecumenical_altar_ellora
D:2:      layout_basic, minmay_misc_feat_nine_boxes, minmay_hexomino_p4
D:3:      layout_loops_corners, uniq_robin, uniq_natasha, uniq_sigmund
D:4:      layout_basic, minmay_temple_entry_statues_fountains, serial_shops,
          nicolae_shop_statue_plus
Temple:   kilobyte_greek_temple

Notes
Turn   | Place    | Note
-------+----------+-------------------------------------------
     0 | D:1      | GrayStillPlays the Hill Orc Fighter began the quest for the
                  | Orb.
     0 | D:1      | Reached XP level 1. HP: 19/19 MP: 1/1
     0 | D:1      | magus.rc [v1.9.6]
    93 | D:1      | You pick up a book of Vapours and begin reading...
    93 | D:1      | You add the spells Poisonous Vapours and Corpse Rot to your
                  | library.
   197 | D:1      | Reached skill level 3 in Axes
   197 | D:1      | Reached XP level 2. HP: 24/27 MP: 2/2
   600 | D:1      | Found a faded altar of an unknown god.
   741 | D:1      | Reached skill level 4 in Fighting
   956 | D:1      | Reached XP level 3. HP: 33/33 MP: 3/3
  1024 | D:2      | You pick up a book of Cantrips and begin reading...
  1024 | D:2      | You add the spells Animate Skeleton, Summon Small Mammal
                  | and Apportation to your library.
  1310 | D:2      | Noticed a scorpion
  1315 | D:2      | Reached XP level 4. HP: 40/40 MP: 4/4
  1323 | D:2      | Killed a scorpion
  1324 | D:2      | Reached skill level 4 in Axes
  1324 | D:2      | Reached skill level 4 in Armour
  1324 | D:2      | Reached skill level 4 in Shields
  1324 | D:2      | Reached XP level 5. HP: 34/47 MP: 5/5
  1542 | D:2      | You fall into a shaft and drop 1 floor!
  1717 | D:3      | Noticed Robin
  1748 | D:3      | Killed Robin
  2129 | D:3      | Noticed Natasha
  2140 | D:3      | Killed Natasha
  2218 | D:3      | Noticed Sigmund
  2226 | D:3      | Killed Sigmund
  2227 | D:3      | Reached skill level 5 in Fighting
  2227 | D:3      | Reached XP level 6. HP: 56/56 MP: 6/6
  2427 | D:3      | Noticed Natasha
  2435 | D:3      | Reached skill level 5 in Axes
  2445 | D:3      | HP: 9/56 [Natasha (8)]
  2446 | D:3      | HP: 1/56 [Natasha (6)]
  2828 | D:3      | Killed Natasha
  2829 | D:3      | Reached skill level 5 in Shields
  3856 | D:4      | You pick up a book of Lightning and begin reading...
  3856 | D:4      | You add the spells Static Discharge, Lightning Bolt and
                  | Maxwell's Capacitive Coupling to your library.
  3913 | D:4      | Reached skill level 5 in Armour
  3952 | D:4      | Found a staircase to the Ecumenical Temple.
  3958 | D:4      | Noticed a necrophage
  3962 | Temple   | Entered the Ecumenical Temple
  4134 | Temple   | Became a worshipper of Gozag Ym Sagoz the Greedy
  4178 | D:4      | Killed a necrophage
  4179 | D:4      | Reached XP level 7. HP: 37/62 MP: 7/7
  4339 | D:4      | HP: 9/62 [ogre (17)]
  4341 | D:4      | HP: 3/62 [ogre (7)]
  4355 | D:4      | Demolished by an ogre

Vanquished Creatures
  Sigmund (D:3)
  A necrophage (D:4)
  A scorpion (D:2)
  Natasha (twice) (D:3)
  A hound skeleton (D:4)
  Robin (D:3)
  4 adders
  3 gnolls (D:3)
  2 worms
  A dart slug (D:1)
  8 endoplasms
  A giant cockroach (D:1)
  8 hobgoblins
  5 ball pythons
  4 bats
  5 frilled lizards
  13 goblins
  5 kobolds
  5 rats
71 creatures vanquished.

Table legend:
 A = Non-vault XP
 B = Vault XP
 C = Vault XP percentage of total XP
 D = Non-vault monster count
 E = Vault monster count
 F = Vault count percentage of total count
                 A         B        C        D         E       F
            +---------+---------+-------+---------+---------+-------
      Total |     433 |     303 |  41.2 |      53 |      18 |  25.4
            +---------+---------+-------+---------+---------+-------
        D:1 |      37 |       0 |   0.0 |      24 |       0 |   0.0
        D:2 |     130 |       8 |   5.8 |      13 |       4 |  23.5
        D:3 |     103 |     295 |  74.1 |       9 |      14 |  60.9
        D:4 |     163 |       0 |   0.0 |       7 |       0 |   0.0
            +---------+---------+-------+---------+---------+-------

Illustrated notes

Table legend:
 A = Kills in this place as a percentage of kills in entire the game.
 B = Kills by you in this place as a percentage of kills by you in the entire game.
 C = Kills by friends in this place as a percentage of kills by friends in the entire game.
 D = Other kills in this place as a percentage of other kills in the entire game.
 E = Experience gained in this place as a percentage of experience gained in the entire game.
 F = Experience gained in this place divided by the number of levels of this place that you have seen.
                   A       B       C       D       E      F
               +-------+-------+-------+-------+-------+----------------------
         Total | 100.0 | 100.0 |   N/A |   N/A | 100.0 | 147.2
       Dungeon | 100.0 | 100.0 |   N/A |   N/A | 100.0 | 184.0
               +-------+-------+-------+-------+-------+----------------------

Table legend: (Time is in decaauts)
 A = Elapsed time spent in this place.
 B = Non-inter-level travel time spent in this place.
 C = Inter-level travel time spent in this place.
 D = Time resting spent in this place.
 E = Time spent auto-exploring this place.
 F = Levels seen in this place.
 G = Mean time per level.
                   A        B        C        D        E       F      G
               +--------+--------+--------+--------+--------+-----+--------+
         Total |   4436 |   4149 |    287 |    250 |   3256 |   5 |  887.2 |
       Dungeon |   4230 |   3988 |    242 |    250 |   3119 |   4 | 1057.5 |
        Temple |    206 |    161 |     45 |      0 |    137 |   1 |  206.0 |
               +--------+--------+--------+--------+--------+-----+--------+

Top non-repeatable levels by time:
     D:3: 1854 daAuts
     D:1: 1050 daAuts
     D:2: 973 daAuts
     D:4: 351 daAuts
  Temple: 206 daAuts
